 Dungeon Crawl Stone Soup version 0.31.0-9-g3a7656b989 (webtiles) character file.

Game seed: 6932001333029034501

227 Kenran the Chopper (level 6, -4/37 HPs)
             Began as a Gargoyle Fighter on Jan 27, 2024.
             Incinerated by a bombardier beetle (6 damage)
             ... with a burning spray
             ... on level 3 of the Dungeon.
             The game lasted 00:03:29 (1757 turns).

Kenran the Chopper (Gargoyle Fighter)               Turns: 1757, Time: 00:03:29

Health: -4/37      AC: 12    Str: 21    XL:     6   Next: 2%
Magic:  6/6        EV:  9    Int:  9    God:
Gold:   42         SH:  4    Dex:  9    Spells: 5/5 levels left

rFire   . . .        a - +0 war axe
rCold   . . .        c - +0 buckler
rNeg    + . .        b - +0 scale mail
rPois   ∞            e - +0 helmet
rElec   +            (no cloak)
rCorr   .            (no gloves)
SInv    .            (no boots)
Will    .....        (no amulet) Stlth
                     (no ring)
HPRegen 0.26/turn    (no ring)
MPRegen 0.10/turn

%: no passive effects
@: on fire, glowing
A: sickness immunity, AC +4, negative energy resistance 1, electricity
resistance, torment resistance 1, petrification resistance
a: no special abilities


You were on level 3 of the Dungeon.
You visited 1 branch of the dungeon, and saw 3 of its levels.

You collected 42 gold pieces.

Inventory:

Hand Weapons
 a - a +0 war axe (weapon)
Armour
 b - a +0 scale mail (worn)
 c - a +0 buckler (worn)
 e - a +0 helmet (worn)
Jewellery
 r - a +6 ring of dexterity
Wands
 q - a wand of flame (12)
Scrolls
 d - a scroll of blinking {unknown}
 f - a scroll of enchant weapon {unknown}
 h - 3 scrolls of fear {unknown}
 l - 3 scrolls of identify {unknown}
 n - a scroll of noise {unknown}
 o - 2 scrolls of teleportation {unknown}
Potions
 g - a potion of mutation {unknown}
 i - 2 potions of cancellation {unknown}
 j - 2 potions of curing {@q1}
 k - 2 potions of degeneration {unknown}
 m - 2 potions of enlightenment {unknown}
 p - a potion of heal wounds {unknown}


   Skills:
 - Level 3.2 Fighting
 + Level 5.5 Axes
 - Level 3.2 Armour
 - Level 3.2 Shields


You had 5 spell levels left.
You didn't know any spells.
Your spell library contained the following spells:

 Spells                   Type           Power      Damage    Failure   Level
 Sting                    Conj/Alch      0%         1d3       80%         1
 Ensorcelled Hibernation  Hex/Ice        0%         N/A       90%         2
 Mercury Vapours          Alch/Air       0%         N/A       90%         2
 Fugue of the Fallen      Necr           0%         N/A       99%         3
 Anguish                  Hex/Necr       0%         N/A       100%        4
 Olgreb's Toxic Radiance  Alch           0%         N/A       100%        4


Dungeon Overview and Level Annotations

Branches:
Dungeon (3/15)

Altars:
Uskayaw

Annotations:
D:3 1 transporter, ymhsbmbesitwf's ghost, amateur DrCj


Innate Abilities, Weirdness & Mutations

You are immune to sickness and miasma.
Your stone body is resilient. (AC +4)
You are immune to poison.
You resist negative energy. (rN+)
You are resistant to electric shocks. (rElec)
You are resistant to unholy torment.
You are immune to petrification.


Message History

The bombardier beetle is heavily wounded.
The liquid fire burns you!
The bombardier beetle barely misses you.
You hit the bombardier beetle but do no damage.
The bombardier beetle is heavily wounded.
The liquid fire burns you!
You barely miss the bombardier beetle.
The bombardier beetle is heavily wounded.
The liquid fire burns you!
The bombardier beetle sprays incendiary fluid at you.
The burning spray hits you.
You are even more covered in liquid fire!
A goblin comes into view. It is wielding a +0 dagger.
The goblin shouts!
You slash the bombardier beetle!
You kill the bombardier beetle!
The liquid fire burns you!
The goblin unwields a +0 dagger.
The goblin wields a +0 sling.
The goblin shoots a sling bullet.
The sling bullet barely misses you.
You have reached level 6!
You shake off some of the fire as you move.
The liquid fire burns you!
You see here a bombardier beetle corpse.
You are on fire!
The liquid fire burns you! The liquid fire burns you!
* * * LOW HITPOINT WARNING * * *
The liquid fire burns you!
* * * LOW HITPOINT WARNING * * *
The goblin shoots a sling bullet.
The sling bullet hits you but does no damage.
You shake off some of the fire as you move.
The liquid fire burns you!
* * * LOW HITPOINT WARNING * * *
The goblin unwields a +0 sling.
The goblin wields a +0 dagger.
The goblin hits you but does no damage.
You hit the goblin.
The goblin is severely wounded.
The liquid fire burns you!
You die...

#############
#....«......#
#.#########.#####
#########.##### #......
.......†@.....# #..####
#########g###.#####..####
#.# ............ #.#
............ ...
######..##.. #.....##.
#.#########..#.##
#....#.. #».....<))...#.#
#...... ###########..#.##
...#..## .# #..##..


You could see a goblin.

Vanquished Creatures
  2 bombardier beetles (D:3)
  An orc priest (D:3)
  An orc wizard (D:3)
  Robin (D:3)
  2 adders
  A gnoll (D:2)
  2 dart slugs (D:1)
  9 orcs (D:3)
  A bat (D:1)
  2 endoplasms
  3 giant cockroaches
  11 goblins
  6 hobgoblins
  6 kobolds
  2 quokkas
  3 ball pythons
  4 frilled lizards
  8 rats
65 creatures vanquished.

Notes
Turn   | Place    | Note
-------+----------+-------------------------------------------
     0 | D:1      | Kenran the Gargoyle Fighter began the quest for the Orb.
     0 | D:1      | Reached XP level 1. HP: 14/14 MP: 1/1
    54 | D:1      | Reached skill level 2 in Axes
   201 | D:1      | Reached XP level 2. HP: 19/19 MP: 2/2
   378 | D:1      | Found a faded altar of an unknown god.
   517 | D:1      | Reached skill level 3 in Axes
   615 | D:2      | Reached XP level 3. HP: 18/23 MP: 3/3
  1231 | D:3      | Noticed ymhsbmbesitwf's ghost (amateur DrCj)
  1237 | D:3      | Reached skill level 4 in Axes
  1237 | D:3      | Reached XP level 4. HP: 28/28 MP: 4/4
  1256 | D:3      | Found a transporter.
  1315 | D:3      | Reached XP level 5. HP: 32/32 MP: 5/5
  1326 | D:3      | Noticed Robin
  1341 | D:3      | Killed Robin
  1377 | D:3      | Reached skill level 5 in Axes
  1468 | D:3      | Found a hide-covered altar of Uskayaw.
  1597 | D:3      | Noticed an ogre
  1752 | D:3      | Reached XP level 6. HP: 20/37 MP: 6/6
  1757 | D:3      | Incinerated by a bombardier beetle

Illustrated notes

Levels and vault maps discovered:
D:1:      minmay_arrival_stone_box, layout_rooms, ebering_ecumenical_altar_webs
D:2:      kennysheep_big_flooded_room, layout_loops_ring
D:3:      layout_loops_ring, kennysheep_slug_shrine, mainiacjoe_overflow_paths,
          marbit_many_paths, gammafunk_ghost_mausoleum, uniq_robin

Skill      XL: |  1  2  3  4  5 |
---------------+----------------+-----
Axes           | 2 3 4 5 |  5.5
Fighting       | |  3.2
Armour         | |  3.2
Shields        | |  3.2

Action                     |  1- 3 |  4- 6 || total
---------------------------+-------+-------++-------
  Melee: War axe           |    86 |    74 ||   160
    Use: Potion            |     1 |     1 ||     2
 Armour: Scale mail        |    57 |    58 ||   115
  Dodge: Dodged            |    36 |    22 ||    58
  Block: Buckler           |    16 |     6 ||    22
